Get step-by-step instructions on how to execute this build order below. Start the game timer, and the build order will tick by so you can play in parallel with StarCraft on a second screen or mobile device.

Game Time

  0:00

Last Step

  N/A

Next Step

Upcoming Step



Don't want to look back and forth between 2 screens? Try out our Overwolf App, the Spawning Tool Build Advisor to get an in-game overlay with this build!

Complete Build Order

  12  0:04  Probe  
  12  0:18  Probe  
  12  0:30  Probe  
  12  0:31  Pylon  
  12  0:49  Probe (Chrono Boost)  
  12  0:59  Probe (Chrono Boost), Assimilator  
  12  1:06  Probe (Chrono Boost)  
  12  1:15  Probe (Chrono Boost)  
  12  1:23  Probe  
  12  1:30  Gateway  
  12  1:32  Pylon  
  12  1:35  Probe (Chrono Boost)  
  12  1:46  Probe (Chrono Boost)  
  12  1:53  Probe (Chrono Boost)  
  12  1:57  Pylon